 Dungeon Crawl Stone Soup version 0.21-a0-538-gd16b88a (webtiles) character file.

200 esteth the Skirmisher (level 5, -2/44 HPs)
             Began as a Demonspawn Abyssal Knight on Dec 10, 2017.
             Was a Believer of Lugonu.
             Slain by Grinder (3 damage)
             ... on level 3 of the Dungeon on Dec 15, 2017.
             The game lasted 00:08:18 (3852 turns).

esteth the Skirmisher (Demonspawn Abyssal Knight)   Turns: 3852, Time: 00:08:19

Health: -2/44      AC:  9    Str: 13    XL:     5   Next: 49%
Magic:  6/6        EV: 12    Int: 14    God:    Lugonu [**....]
Gold:   172        SH:  0    Dex: 12    Spells: 4/4 levels left

rFire    . . .     SeeInvis .   a - +3 hand axe
rCold    . . .     Gourm    .   (no shield)
rNeg     . . .     Faith    .   b - +0 leather armour
rPois    .         Spirit   .   d - +2 helmet
rElec    .         Reflect  .   (no cloak)
rCorr    .         Harm     .   p - +0 pair of gloves
MR       .....                  (no boots)
Stlth    +.........             (no amulet)
HPRegen  0.14/turn              (no ring)
MPRegen  0.10/turn              (no ring)

@: very slightly contaminated
A: yellow scales 1, foul stench 1, rot immunity
a: Depart the Abyss, Bend Space, Renounce Religion


You were on level 3 of the Dungeon.
You worshipped Lugonu.
Lugonu was pleased with you.
You were hungry.

You visited 1 branch of the dungeon, and saw 3 of its levels.
You visited the Abyss 1 time.

You collected 172 gold pieces.

Inventory:

Hand Weapons
 a - a +3 hand axe (weapon)
 g - a +1 short sword of speed
Armour
 b - a +0 leather armour (worn)
 d - a +2 helmet (worn)
 p - a +0 pair of gloves (worn)
Magical Staves
 f - an uncursed staff of poison
Jewellery
 l - an uncursed ring of ice
Scrolls
 i - a scroll of teleportation
 o - 2 scrolls of remove curse
 q - a scroll of identify
Comestibles
 c - 4 bread rations
 h - a meat ration
 j - a royal jelly
 m - 4 fruits


   Skills:
 + Level 5.0 Fighting
 - Level 1.7 Axes
 + Level 2.9 Armour
 + Level 2.3 Dodging
 - Level 2.4 Invocations


You had 4 spell levels left.
You didn't know any spells.

Dungeon Overview and Level Annotations

Branches:
Dungeon (3/15)

Altars:

Annotations:
D:3 Grinder


Innate Abilities, Weirdness & Mutations

You are partially covered in yellow scales. (AC +2)
You may emit foul miasma when damaged in melee.
You are immune to rotting.


Message History

You hit Grinder.
Grinder is heavily wounded.
Grinder closely misses you.
You hit Grinder.
Grinder is heavily wounded.
Grinder hits you.
You writhe in agony.
You completely miss Grinder.
Grinder is heavily wounded.
Grinder blinks!
Grinder gestures at you. Pain shoots through your body!
* * * LOW HITPOINT WARNING * * *
You aren't carrying any potions.
As you read the scroll labeled GAUCIO LUIGYD, it crumbles to dust.
You feel aware of your surroundings.
You sensed 5 altars.
It was a scroll of magic mapping.
Grinder hits you!
* * * LOW HITPOINT WARNING * * *
You writhe in agony.
You die...

#............+........
#.#.....##...#######.#
#.#######*####.......#
#.######## #.#####..
#.##.....# #.#####.#
#.##....[# #.......#
#.##.....#############
#..'..................
####.@...#############
#..5..# #.... ##.....#
#.### #......# #.#
#......# #.# #......#
#.# ######...#### #.#
*##........# #.#
*..........# #.#


You could see Grinder.

Vanquished Creatures
  Terence (D:3)
  2 river rats (D:3)
  9 adders
  3 worms (D:3)
  A leopard gecko (D:3)
  2 orcs (D:3)
  A ball python (D:3)
  4 giant cockroaches
  5 goblins
  5 hobgoblins
  4 jackals (D:1)
  A quokka (D:2)
  7 bats
  5 frilled lizards
  10 kobolds
  11 rats
71 creatures vanquished.

Notes
Turn   | Place    | Note
-------+----------+-------------------------------------------
     0 | Abyss:1  | esteth the Demonspawn Abyssal Knight began the quest for the Orb.
     0 | Abyss:1  | Reached XP level 1. HP: 18/18 MP: 2/2
    52 | Abyss:1  | Noticed an ancient zyme
    53 | Abyss:1  | Noticed a large abomination
    54 | D:1      | Escaped the Abyss
   184 | D:1      | Reached * piety under Lugonu
   486 | D:1      | Gained mutation: You are immune to rotting. [demonic ancestry]
   486 | D:1      | Reached XP level 2. HP: 21/24 MP: 3/3
   794 | D:1      | Reached skill level 4 in Fighting
  1002 | D:1      | Gained mutation: You are partially covered in yellow scales. (AC +2) [demonic ancestry]
  1002 | D:1      | Reached XP level 3. HP: 26/30 MP: 4/4
  1330 | D:2      | Reached skill level 1 in Dodging
  2003 | D:2      | Reached XP level 4. HP: 31/38 MP: 5/5
  2585 | D:3      | Noticed Terence
  2610 | D:3      | Killed Terence
  2939 | D:3      | Gained mutation: You may emit foul miasma when damaged in melee. [demonic ancestry]
  2939 | D:3      | Reached XP level 5. HP: 34/43 MP: 6/6
  2999 | D:3      | Upgraded the game from 0.21-a0-529-g8c7b3f5 to 0.21-a0-538-gd16b88a
  3231 | D:3      | Reached ** piety under Lugonu
  3433 | D:3      | Reached skill level 5 in Fighting
  3802 | D:3      | Noticed Grinder
  3852 | D:3      | HP: 1/44 [Grinder (8)]
  3852 | D:3      | Slain by Grinder

Vault maps used:
D:1:      dpeg_arrival_yet_another_circle
D:3:      nicolae_overflow_hidden_temple, portal_sewer_entry_e, first_bread,
          minmay_misc_feat_square, uniq_grinder, uniq_terence

Skill      XL: |  1  2  3  4  5 |
---------------+----------------+-----
Fighting       | 4 5 |  5.0
Dodging        | 1 2 |  2.3
Armour         | 2 |  2.9
Axes           | |  1.7
Invocations    | |  2.4

Action                   |  1- 3 |  4- 6 || total
-------------------------+-------+-------++-------
Melee: Short sword       |    91 |       ||    91
       Hand axe          |    48 |   154 ||   202
Invok: Depart the Abyss  |     1 |       ||     1
  Use: Scroll            |     6 |     4 ||    10
       Potion            |       |     1 ||     1
 Stab: Sleeping          |     1 |       ||     1
  Eat: Chunk             |     3 |     6 ||     9
Armor: Leather armour    |    59 |    71 ||   130
Dodge: Dodged            |    61 |   112 ||   173

Table legend:
 A = Spawn XP
 B = Non-spawn XP
 C = Spawn XP percentage of total XP
 D = Spawn monster count
 E = Non-spawn monster count
 F = Spawn count percentage of total count
 G = Total turns spent on level
                    A         B        C        D         E        F      G
               +---------+---------+-------+---------+---------+-------+---------
         Total |       0 |     287 |   0.0 |       0 |      71 |   0.0 |  3852
               +---------+---------+-------+---------+---------+-------+---------
           D:1 |       0 |      43 |   0.0 |       0 |      29 |   0.0 |  1164
           D:2 |       0 |      79 |   0.0 |       0 |      14 |   0.0 |  1118
           D:3 |       0 |     165 |   0.0 |       0 |      28 |   0.0 |  1516
               +---------+---------+-------+---------+---------+-------+---------
